Map: Jagannatha LE

Players

analfriend

  • Race: Protoss Protoss
  • League: Gold
  • Spawn Location: 7:00

rottenorange - Winner!

  • Race: Zerg Zerg
  • League: Bronze
  • Spawn Location: 1:00

VOD

Have the link to the VOD?

Description

Time

  • Played on: Oct. 10, 2020, 10:54 a.m.
  • Length: 7:52
Show
View Real Time Build Order
Export as new Build Order

analfriend Protoss 

Build Orders:  

Get SALT Encoding   

  12  0:01  Probe (Chrono Boost)  
  13  0:13  Probe (Chrono Boost)  
  14  0:21  Probe (Chrono Boost)  
  15  0:29  Assimilator  
  15  0:31  Pylon  
  15  0:36  Assimilator  
  15  0:51  Gateway  
  15  0:56  Probe  
  16  1:08  Probe, Forge  
  17  1:20  Probe  
  19  1:32  Probe  
  19  1:44  Probe, Cybernetics Core  
  19  1:45  Zealot  
  22  1:57  Probe  
  23  2:07  Pylon  
  23  2:16  Warp Gate  
  23  2:25  Probe  
  23  2:27  Photon Cannon  
  24  2:37  Probe  
  24  2:41  Gateway  
  25  2:45  Twilight Council  
  25  2:56  Gateway  
  25  3:05  Gateway  
  25  3:19  Charge (Chrono Boost)  
  25  3:36  Protoss Ground Weapons Level 1  
  25  3:39  Pylon  
  25  4:04  Zealot x3  
  25  4:05  Zealot  
  33  4:24  Zealot  
  33  4:25  Zealot x2  
  39  4:31  Pylon  
  39  4:34  Pylon  
  39  4:50  Zealot x3  
  39  4:51  Zealot  
  39  5:11  Zealot x3  
  39  5:14  Zealot  
  39  5:40  Zealot x2  
  39  5:41  Zealot x2  
  31  6:26  Nexus  
  31  6:35  Assimilator  
  31  6:39  Assimilator  
  31  6:43  Shield Battery  
  31  6:49  Stalker  
  31  6:52  Stalker  
  35  7:01  Probe (Chrono Boost)  
  36  7:12  Probe (Chrono Boost)  
  35  7:31  Stargate  
  35  7:32  Stargate  
  27  7:39  Stalker x2  
  29  7:46  Stalker  
Show
View Real Time Build Order
Export as new Build Order

rottenorange Zerg - Winner!

Build Orders: Hatch First 

Get SALT Encoding   

  12  0:00  Drone  
  13  0:13  Overlord  
  13  0:19  Drone  
  14  0:34  Drone x2  
  16  0:52  Hatchery  
  15  0:57  Drone  
  16  1:13  Drone, Extractor  
  16  1:16  Spawning Pool  
  15  1:19  Drone  
  16  1:33  Drone x2  
  16  1:37  Drone  
  19  1:47  Drone  
  20  2:09  Queen  
  20  2:10  Queen  
  20  2:15  Metabolic Boost  
  24  2:17  Zergling x4  
  24  2:19  Drone x2  
  28  2:26  Overlord  
  28  2:53  Drone x3  
  28  2:54  Drone x3  
  34  3:01  Spine Crawler  
  34  3:04  Spine Crawler  
  33  3:20  Drone x4  
  33  3:21  Overlord x3  
  36  3:38  Roach Warren  
  36  3:39  Queen  
  37  3:50  Zergling x2  
  37  3:51  Zergling x10  
  43  4:00  Hatchery  
  42  4:17  Drone x3  
  42  4:23  Drone x2, Extractor  
  42  4:24  Drone x3  
  45  4:58  Roach x6  
  53  5:10  Roach  
  53  5:12  Zergling x8  
  56  5:28  Queen  
  57  5:40  Drone  
  57  5:41  Drone  
  59  5:43  Drone x7  
  66  5:58  Overlord x2  
  66  5:59  Overlord  
  66  6:03  Queen  
  64  6:06  Spine Crawler  
  60  6:24  Roach x7  
  72  6:32  Evolution Chamber  
  73  6:40  Overlord x3  
  73  6:42  Roach x4  
  73  6:43  Roach  
  73  6:45  Queen  
  83  6:53  Lair  
  83  6:57  Roach x3  
  89  7:03  Extractor  
  89  7:05  Extractor  
  89  7:06  Drone  
  89  7:07  Drone x4  
  92  7:20  Spore Crawler, Spine Crawler  
  90  7:25  Spine Crawler  
Tags
 
Matchup
PvZ
Replay Pack
replays
Spawn Locations
Cross Positions
Add a new tag
Caveats
  • Supply blocks, unpowered buildings, or Contaminate may cause inaccurate times.
  • Supply counts are checked every 10 seconds.